 Dungeon Crawl Stone Soup version 0.19.1-1-g22dce08 (webtiles) character file.

149 Alarkh the Chopper (level 5, 54/61 HPs)
             Began as a Demonspawn Monk on Jan 12, 2017.
             Quit the game on level 3 of the Dungeon.
             The game lasted 00:01:27 (1418 turns).

Alarkh the Chopper (Demonspawn Monk)                Turns: 1418, Time: 00:01:28

Health: 54/61      AC:  4    Str: 17    XL:     5   Next: 9%
Magic:  5/5        EV: 13    Int: 14    God:
Gold:   60         SH:  0    Dex: 15    Spells: 0 memorised, 4 levels left

rFire  . . .     SeeInvis .     a - +0 hand axe
rCold  . . .     Gourm    .     b - +0 robe
rNeg   . . .     Faith    .     (no shield)
rPois  .         Spirit   .     (helmet restricted)
rElec  .         Reflect  .     (no cloak)
rCorr  .         Harm     .     (no gloves)
MR     .....                    (no boots)
Stlth  ..........               (no amulet)
                                (no ring)
                                d - ring of stealth

@: berserking (expiring), very quick
A: antennae 1, hooves 1, molten scales 1, clever 1, demonic guardian 1, wild
magic 1
a: no special abilities


You were on level 3 of the Dungeon.
You were not hungry.

You visited 1 branch of the dungeon, and saw 3 of its levels.

You collected 60 gold pieces.

Inventory:

Hand Weapons
 a - a +0 hand axe (weapon)
Armour
 b - a +0 robe (worn)
Jewellery
 d - a ring of stealth (left hand)
Scrolls
 e - a scroll of identify
 h - a scroll of fog
 j - a scroll of noise {unknown}
 k - a scroll of remove curse {unknown}
Potions
 i - a potion of flight
 l - a potion of heal wounds
Books
 p - a book of Minor Magic

   Spells                             Type                      Level
   a - Magic Dart                     Conjuration                  1
   b - Blink                          Translocation                2
   c - Call Imp                       Summoning                    2
   d - Repel Missiles                 Charms/Air                   2
   e - Slow                           Hexes                        2
   f - Conjure Flame                  Conjuration/Fire             3
   g - Mephitic Cloud                 Conjuration/Poison/Air       3
Comestibles
 c - 2 bread rations
 f - 3 fruits
 g - 2 meat rations
 n - a beef jerky
 q - 3 chunks of flesh


   Skills:
 - Level 3.0 Fighting
 + Level 5.3 Axes
 - Level 2.6 Dodging
 - Level 1.7 Stealth


You had 4 spell levels left.
You didn't know any spells.

Dungeon Overview and Level Annotations

Branches:
Dungeon (3/15)

Altars:
Elyvilon
Fedhas


Innate Abilities, Weirdness & Mutations

You have large cloven feet.
You are partially covered in molten scales. (AC +2)
A weak demonic guardian rushes to your aid.
You have a pair of small antennae on your head.
Your mind is acute. (Int +2)
Your spells are a little harder to cast, but a little more powerful.


Message History

You have reached level 5!
Your demonic ancestry asserts itself...
Your feet thicken and deform.
You completely miss the jackal. You slash the jackal!
You kill the jackal!
You completely miss the dart slug. You kick the dart slug!
The dart slug is almost dead.
You miss the jackal. The jackal closely misses you.
Your white imp hits the dart slug.
Your white imp freezes the dart slug.
The dart slug dies!
You slash the jackal!
You kill the jackal!
Your white imp gestures at the goblin.
The puff of frost hits the goblin.
The goblin dies!
No target in view!
No target in view!
No target in view!
Are you sure you want to abandon this character and quit the game? (Confirm with "yes".)

....... ......#
. ......+
..#####.....# .
........†...#..
...............
.......5)......
.......@)......
...#####†).....
#...... #.....
..... .... #..
..


You could see a friendly white imp.

Vanquished Creatures
  2 orc wizards (D:3)
  5 adders (D:2)
  A worm (D:2)
  A dart slug (D:1)
  3 orcs (D:3)
  5 bats
  6 goblins
  2 hobgoblins (D:1)
  3 jackals (D:3)
  A quokka (D:2)
  A ball python (D:2)
  A frilled lizard (D:1)
  8 kobolds
  4 rats (D:1)
43 creatures vanquished.

Vanquished Creatures (collateral kills)
  A dart slug (D:3)
  A goblin (D:3)
  A rat (D:3)
3 creatures vanquished.

Grand Total: 46 creatures vanquished

Notes
Turn   | Place    | Note
-------+----------+-------------------------------------------
     0 | D:1      | Alarkh the Demonspawn Monk began the quest for the Orb.
     0 | D:1      | Reached XP level 1. HP: 18/18 MP: 1/1
    88 | D:1      | Reached skill level 3 in Axes
   152 | D:1      | Gained mutation: A weak demonic guardian rushes to your aid. [demonic ancestry]
   152 | D:1      | Reached XP level 2. HP: 24/24 MP: 2/2
   531 | D:2      | Reached XP level 3. HP: 20/29 MP: 3/3
   729 | D:2      | Found a white marble altar of Elyvilon.
   816 | D:2      | Reached skill level 4 in Axes
  1045 | D:2      | Found a faded altar of an unknown god.
  1131 | D:2      | Found a blossoming altar of Fedhas.
  1180 | D:2      | Gained mutation: You are partially covered in molten scales. (AC +2) [demonic ancestry]
  1180 | D:2      | Reached XP level 4. HP: 34/35 MP: 4/4
  1407 | D:3      | Gained mutation: You have a pair of small antennae on your head. [potion of mutation]
  1407 | D:3      | Gained mutation: Your spells are a little harder to cast, but a little more powerful. [potion of mutation]
  1407 | D:3      | Gained mutation: Your mind is acute. (Int +2) [potion of mutation]
  1412 | D:3      | Reached skill level 5 in Axes
  1414 | D:3      | Gained mutation: You have large cloven feet. [demonic ancestry]
  1414 | D:3      | Reached XP level 5. HP: 41/41 MP: 5/5
  1418 | D:3      | Quit the game

Skill      XL: |  1  2  3  4 |
---------------+-------------+-----
Axes           | 3 4 5 |  5.3
Fighting       | |  3.0
Dodging        | |  2.6
Stealth        | |  1.7

Action                   |  1- 3 |  4- 6 || total
-------------------------+-------+-------++-------
Melee: Hand axe          |   118 |    17 ||   135
       Kick              |       |     1 ||     1
  Use: Scroll            |     3 |       ||     3
       Potion            |       |     2 ||     2
 Stab: Sleeping          |     8 |     1 ||     9
  Eat: Chunk             |     1 |     1 ||     2
Armor: Robe              |    12 |     2 ||    14
Dodge: Dodged            |    83 |     7 ||    90
